 Dungeon Crawl Stone Soup version 0.24-a0-652-g46ecf6da75 (webtiles) character file.

Game seed: 13633003017894161053, levelgen mode: deterministic

12908 MisterOstroum the Fighter (level 11, -8/92 HPs)
             Began as a Demonspawn Artificer on Sept 26, 2019.
             Was an Initiate of Gozag.
             Shot themself with an iceblast (13 damage)
             ... on level 2 of the Lair of Beasts.
             The game lasted 00:40:12 (15521 turns).

MisterOstroum the Fighter (Demonspawn Artificer)   Turns: 15521, Time: 00:40:12

Health: -8/92      AC: 13    Str: 15    XL:     11   Next: 68%
Magic:  16/16      EV:  3    Int: 13    God:    Gozag
Gold:   2500       SH:  0    Dex: 20    Spells: 10/10 levels left

rFire    . . .     SeeInvis .   c - +3 scimitar (flame)
rCold    . . .     Gourm    .   w - +0 buckler
rNeg     . . .     Faith    .   P - +0 plate armour
rPois    .         Spirit   .   (helmet restricted)
rElec    .         Reflect  .   (no cloak)
rCorr    .         Harm     .   (no gloves)
MR       .....                  (boots unavailable)
Stlth    ..........             (no amulet)
HPRegen  0.25/turn              m - +6 ring of dexterity
MPRegen  0.15/turn              U - +4 ring of slaying

@: lethally poisoned (-8 -> -18), petrifying, gold aura, very slow
A: antennae 2, claws 1, hooves 3
a: Potion Petition, Call Merchant, Bribe Branch, Renounce Religion


You were on level 2 of the Lair of Beasts.
You worshipped Gozag.
Gozag was most pleased with you.
You were not hungry.

You visited 3 branches of the dungeon, and saw 13 of its levels.

You collected 2530 gold pieces.
You spent 30 gold pieces at shops.

Inventory:

Hand Weapons
 a - a +5 falchion of freezing
 b - a +0 hunting sling
 c - a +3 scimitar of flaming (weapon)
 O - a +2 dagger of freezing
Missiles
 h - 2 boomerangs of dispersal (quivered)
 j - 336 stones
 D - 92 sling bullets
 S - 4 javelins
 T - a boomerang
Armour
 w - a +0 buckler (worn)
 x - a +0 robe of resistance
 P - a +0 plate armour (worn)
Jewellery
 i - an uncursed ring of positive energy
 l - an uncursed ring of protection from cold
 m - a +6 ring of dexterity (left claw)
 J - an uncursed ring of fire
 N - an uncursed ring of flight {unknown}
 U - a +4 ring of slaying (right claw)
Wands
 d - a wand of enslavement (10)
 f - a wand of random effects (5)
 v - a wand of acid (3)
 Q - a wand of polymorph (15)
 V - a wand of iceblast (5)
Scrolls
 g - a scroll of blinking {unknown}
 k - 7 scrolls of teleportation {@r3 !r}
 n - 2 scrolls of noise
 r - 4 scrolls of enchant weapon
 s - 2 scrolls of fear
 y - a scroll of magic mapping {unknown}
 z - 6 scrolls of remove curse {@r2}
 A - a scroll of fog {!r}
 C - a scroll of amnesia {unknown}
 G - a scroll of identify {@r1}
 K - a scroll of summoning {unknown}
 M - 2 scrolls of immolation
 Y - a scroll of silence {unknown}
Potions
 o - 5 potions of curing {@q1 !q}
 p - 4 potions of invisibility
 q - a potion of agility {@q5 !q}
 t - a potion of berserk rage
 u - a potion of haste {@q4 !q}
 B - 3 potions of mutation
 E - a potion of flight
 F - a potion of degeneration {unknown}
 H - 2 potions of lignification {@q6}
 I - 2 potions of magic
 L - a potion of resistance {unknown}
Miscellaneous
 X - a fan of gales (inert)
Comestibles
 e - 8 rations


   Skills:
 * Level 10.5 Fighting
 - Level 2.0(5.3) Short Blades
 - Level 7.8(8.0) Long Blades
 - Level 6.0 Slings
 - Level 6.6 Armour
 - Level 1.7 Dodging
 - Level 0.8 Stealth
 - Level 4.0 Shields
 - Level 1.6 Unarmed Combat
 + Level 7.5 Evocations


You had 10 spell levels left.
You didn't know any spells.
Your spell library contained the following spells:

 Spells                   Type           Power        Failure   Level  Hunger
 Magic Dart               Conj           #...         100%        1    ##.....
 Searing Ray              Conj           #.....       100%        2    ###....
 Dazzling Spray           Conj/Hex       #.....       100%        3    ####...
 Ignite Poison            Fire/Tmut/Pois #.......     100%        3    ####...
 Force Lance              Conj/Tloc      #.......     100%        4    #####..
 Fulminant Prism          Conj/Hex       #.........   100%        4    #####..
 Iskenderun's Mystic Bla  Conj           #.......     100%        4    #####..
 Fireball                 Conj/Fire      #.........   100%        5    ######.
 Bolt of Fire             Conj/Fire      #.........   100%        6    #######
 Ring of Flames           Chrm/Fire      #.........   100%        7    #######
 Ignition                 Fire           #.........   100%        8    #######


Dungeon Overview and Level Annotations

Branches:
Dungeon (10/15)            Temple (1/1) D:4            Lair (2/6) D:10
    Orc (0/2) D:9
  Swamp: Lair:2-4    Shoals: Lair:2-4     Snake: Lair:2-4    Spider: Lair:2-4

Altars:
Ashenzari
Cheibriados
Dithmenos
Elyvilon
Fedhas
Gozag
Hepliaklqana
Kikubaaqudgha
Makhleb
Nemelex Xobeh
Okawaru
Qazlal
Ru
Sif Muna
Trog
Uskayaw
Vehumet
Wu Jian
Xom
Yredelemnul
Zin
The Shining One

Shops:
D:5 !

Annotations:
D:6 2 transporters, Froggeryz's ghost, novice NaIE


Innate Abilities, Weirdness & Mutations

You have a pair of antennae on your head.
You have sharp fingernails.
You have hooves in place of feet.


Message History

Aim: a hippogriff (severely wounded) Really fire
R - a throwing net {!f}?
You throw a throwing net {!f}.
The throwing net {!f} barely misses the hippogriff.
The black mamba hisses angrily.
The basilisk gazes at you.
Your limbs have turned to stone.
A bullfrog comes into view.
You have turned to stone.
The bullfrog gives a loud, deep croak!
The basilisk gazes at you. You resist with some effort. The bullfrog hits you.
The hippogriff barely misses you.
The hippogriff pecks you but does no damage.
The hippogriff claws you but does no damage.
A bullfrog comes into view.
The bullfrog hits you but does no damage.
The bullfrog gives a loud, deep croak!
The black mamba bites you but does no damage.
The bullfrog hits you but does no damage.
The hippogriff bites you.
The hippogriff pecks you but does no damage.
The hippogriff claws you but does no damage.
The black mamba splashes around in the water.
The bullfrog hits you. The black mamba bites you.
The hippogriff bites you but does no damage.
The hippogriff pecks you but does no damage.
The hippogriff claws you.
The bullfrog hits you but does no damage.
The black mamba bites you but does no damage.
The black mamba bites you but does no damage.
The hippogriff completely misses you. The hippogriff barely misses you.
The hippogriff claws you but does no damage.
The bullfrog hits you.
The black mamba splashes around in the water.
The bullfrog hits you but does no damage.
The hippogriff barely misses you.
The hippogriff pecks you but does no damage.
The hippogriff claws you but does no damage.
The black mamba bites you!
The bullfrog hits you but does no damage.
The bullfrog hits you. The black mamba bites you. The bullfrog hits you.
The hippogriff barely misses you.
The hippogriff pecks you but does no damage.
The hippogriff claws you.
The bullfrog hits you but does no damage.
The black mamba bites you but does no damage.
The basilisk gazes at you. You resist with some effort.
You turn to flesh and can move again.
Unknown command.
Unknown command.
Evoke which item? (* to show all) (? for menu, Esc to quit)
Aiming: Iceblast
Press: ? - help, Shift-Dir - straight line, f - you, p - hippogriff That beam is likely to hit you.
Continue anyway?
The mass of ice explodes!
The iceblast engulfs you!
* * * LOW HITPOINT WARNING * * *
The iceblast engulfs the basilisk!
The basilisk is moderately wounded.
The iceblast engulfs the bullfrog!
The bullfrog is heavily wounded.
The iceblast engulfs the hippogriff!!
You kill the hippogriff!
The iceblast engulfs the black mamba!
The black mamba is heavily wounded.
The iceblast engulfs the bullfrog!
The bullfrog is severely wounded.
You hear an angry hiss.
You hear a loud, deep croak!
The bullfrog becomes distracted by the nearby gold, dreaming of imaginary riches.
The black mamba splashes around in the water.
The bullfrog hits you but does no damage.
The basilisk bites you!
* * * LOW HITPOINT WARNING * * *
The black mamba bites you!
* * * LOW HITPOINT WARNING * * *
You are poisoned.
The black mamba poisons you!
The bullfrog hits you but does no damage.
The bullfrog gives a loud, deep croak!
Unknown command.
Really quaff
o - 6 potions of curing {@q1 !q}?
You feel better. The black mamba bites you.
* * * LOW HITPOINT WARNING * * *
You are poisoned.
The black mamba poisons you! The bullfrog hits you.
* * * LOW HITPOINT WARNING * * *
The basilisk gazes at you.
You are slowing down.
The black mamba bites you!
* * * LOW HITPOINT WARNING * * *
Unknown command.
Evoke which item? (* to show all) (? for menu, Esc to quit)
Aiming: Iceblast
Press: ? - help, Shift-Dir - straight line, f - you That beam is likely to hit you.
Continue anyway?
The mass of ice explodes!
The iceblast engulfs you!!
You die...
Your body crumbles into a pile of gold.

..#P##.#(...P#
. .......(....#
..#..≈.≈.≈....#
.....≈≈≈≈≈≈..##
...≈≈≈≈≈≈≈≈≈.P#
#.≈≈≈≈≈≈≈≈≈≈≈##
#..≈≈≈≈$≈≈≈≈..#
#..≈≈≈≈@F≈≈≈.P.
#..≈≈≈lSF≈≈≈≈..
#.≈≈≈≈≈≈≈≈≈≈≈≈P
#..≈≈≈≈≈≈≈≈≈.##
...≈.≈≈≈≈≈.≈..#
####..≈≈...≈###
#.≈≈.##.##
#.#..# ..


You could see a black mamba, a basilisk and 2 bullfrogs.

Vanquished Creatures
  Erica (D:7)
  A two-headed ogre (D:9)
  3 centaur zombies
  2 spiny frogs (Lair:1)
  A gargoyle (D:10)
  A komodo dragon (Lair:1)
  2 trolls (D:10)
  2 hippogriffs
  2 wyverns
  4 hungry ghosts
  13 yaks
  A two-headed ogre zombie (D:9)
  3 water moccasins (Lair:1)
  A porcupine (Lair:1)
  4 black bears
  3 orc warriors
  3 ice beasts
  A necrophage (D:8)
  2 phantoms
  3 centaurs
  An ogre (D:10)
  18 wolves
  A crocodile (Lair:1)
  2 big kobolds
  6 bullfrogs
  A gnoll sergeant (D:10)
  8 scorpions
  2 electric eels (D:9)
  3 wights (D:7)
  A howler monkey (D:5)
  4 crimson imps
  4 bullfrog zombies
  A jelly (D:6)
  2 quasits
  A centaur skeleton (D:10)
  A hound (D:6)
  13 orc wizards
  5 orc priests
  2 bullfrog skeletons
  2 iguanas
  6 worker ants
  7 ogre zombies (D:9)
  2 hound skeletons
  A worker ant zombie (D:8)
  4 adders
  A shadow imp (D:4)
  4 oozes
  2 adder skeletons
  A worm (D:2)
  2 dart slugs
  4 leopard geckos
  42 orcs
  A ball python (D:2)
  8 bats
  3 giant cockroaches
  11 goblins
  4 hobgoblins
  12 jackals
  7 quokkas
  12 frilled lizards
  2 goblin skeletons (D:9)
  3 goblin zombies (D:9)
  3 hobgoblin zombies (D:9)
  16 kobolds
  4 orc skeletons (D:9)
  13 orc zombies (D:9)
  A quokka skeleton (D:9)
  A quokka zombie (D:9)
  14 rats
  A plant (D:10)
323 creatures vanquished.

Vanquished Creatures (collateral kills)
  A yak (Lair:1)
  5 wolves (Lair:1)
  2 orc wizards
  A hobgoblin (D:3)
  A jackal (D:3)
10 creatures vanquished.

Vanquished Creatures (others)
  3 wolves (Lair:1)
  A wight (D:7)
  An orc wizard (D:4)
  A fungus (Lair:2)
  7 plants
13 creatures vanquished.

Grand Total: 346 creatures vanquished

Notes
Turn   | Place    | Note
-------+----------+-------------------------------------------
     0 | D:1      | MisterOstroum the Demonspawn Artificer began the quest for
                  | the Orb.
     0 | D:1      | Reached XP level 1. HP: 15/15 MP: 3/3
   229 | D:1      | Reached skill level 2 in Fighting
   268 | D:1      | Gained mutation: You have sharp fingernails. [demonic
                  | ancestry]
   268 | D:1      | Reached XP level 2. HP: 22/22 MP: 4/4
  1132 | D:1      | Reached skill level 3 in Fighting
  1146 | D:1      | Gained mutation: You have large cloven feet. [demonic
                  | ancestry]
  1146 | D:1      | Reached XP level 3. HP: 12/29 MP: 5/5
  2051 | D:2      | Found a hazy altar of Hepliaklqana.
  2156 | D:2      | Found a faded altar of an unknown god.
  2169 | D:2      | Became a worshipper of Gozag Ym Sagoz the Greedy
  2440 | D:2      | Reached XP level 4. HP: 37/37 MP: 6/6
  2671 | D:3      | Reached skill level 1 in Short Blades
  2713 | D:3      | Reached skill level 4 in Fighting
  2942 | D:3      | Reached skill level 1 in Slings
  3146 | D:3      | Found a bloodstained altar of Trog.
  3590 | D:4      | Gained mutation: You have hoof-like feet. [demonic
                  | ancestry]
  3590 | D:4      | Reached XP level 5. HP: 15/42 MP: 7/7
  3973 | D:4      | Noticed a phantom
  4104 | D:4      | Noticed a phantom
  4243 | D:4      | Found a staircase to the Ecumenical Temple.
  4261 | Temple   | Entered the Ecumenical Temple
  4506 | D:4      | Found a snail-covered altar of Cheibriados.
  4577 | D:4      | Killed a phantom
  4577 | D:4      | Reached XP level 6. HP: 33/50 MP: 8/8
  4851 | D:4      | Reached skill level 5 in Fighting
  5192 | D:5      | Entered Level 5 of the Dungeon
  5236 | D:5      | Reached XP level 7. HP: 51/56 MP: 9/9
  5365 | D:5      | Found Qushem's Distillery.
  5369 | D:5      | Bought a potion of lignification for 30 gold pieces
  5466 | D:5      | Reached skill level 1 in Armour
  6096 | D:6      | Reached skill level 1 in Shields
  6564 | D:5      | Gained mutation: You have a pair of small antennae on your
                  | head. [demonic ancestry]
  6564 | D:5      | Reached XP level 8. HP: 33/63 MP: 11/11
  7017 | D:6      | Found a transporter.
  7083 | D:6      | Noticed Froggeryz's ghost (novice NaIE)
  7752 | D:6      | Reached skill level 5 in Evocations
  7863 | D:6      | Found a transporter.
  8001 | D:7      | Reached skill level 6 in Fighting
  8302 | D:7      | Reached skill level 1 in Unarmed Combat
  8625 | D:7      | Reached XP level 9. HP: 69/69 MP: 12/12
  8746 | D:7      | Reached skill level 1 in Long Blades
  8848 | D:7      | Reached skill level 5 in Armour
  9163 | D:8      | Noticed Erica
  9177 | D:7      | Killed Erica
  9177 | D:7      | Reached skill level 5 in Slings
 10107 | D:8      | Noticed Grum
 10112 | D:8      | Reached skill level 7 in Fighting
 10115 | D:8      | Noticed Grum
 10115 | D:8      | Grum changed into Grum the ooze
 10117 | D:8      | Killed Grum the ooze
 10131 | D:8      | Gained mutation: You have hooves in place of feet. [demonic
                  | ancestry]
 10131 | D:8      | Reached XP level 10. HP: 56/79 MP: 13/13
 11005 | D:9      | Found an opulent altar of Gozag.
 11150 | D:9      | Noticed a two-headed ogre
 11341 | D:9      | Reached skill level 5 in Long Blades
 11604 | D:9      | Killed a two-headed ogre
 11604 | D:9      | Reached skill level 8 in Fighting
 11831 | D:9      | Found a staircase to the Orcish Mines.
 12427 | D:9      | Found a burning altar of Makhleb.
 12573 | D:10     | Entered Level 10 of the Dungeon
 13329 | D:10     | Found a staircase to the Lair.
 13474 | D:10     | Gained mutation: You have a pair of antennae on your head.
                  | [demonic ancestry]
 13474 | D:10     | Reached XP level 11. HP: 81/87 MP: 15/15
 14251 | Lair:1   | Entered Level 1 of the Lair of Beasts
 14548 | Lair:1   | Reached skill level 9 in Fighting
 15103 | Lair:1   | Reached skill level 10 in Fighting
 15423 | Lair:1   | Noticed a five-headed hydra
 15521 | Lair:2   | Shot themself with an iceblast

Levels and vault maps discovered:
D:1:      lightli_arrival_noodles, layout_basic
D:2:      layout_basic, lemuel_crystal_altar, chequers_ecumenical_altar_simple
D:3:      layout_loops_ring, trog_butcher_becter
D:4:      layout_loops_ring, cheibriados_altar_1,
          minmay_temple_entry_statues_fountains, first_ration, minmay_unequal
D:5:      layout_basic, serial_shops, shop
D:6:      layout_loops_ring, gammafunk_ghost_gnarly_gnolls
D:7:      layout_basic, nrook_loot_triangle
D:8:      layout_basic, grunt_ogre_cave, uniq_erica, uniq_grum
D:9:      layout_loops_ring, grunt_gozag_statues, marbit_many_paths,
          zombieorc2_lemuel, hive_lemuel
D:10:     layout_roguey, dpeg_oklobed_lair, dk_vineyard_1,
          kennysheep_generic_room_2
Temple:   dpeg_five_rooms_temple
Lair:1:   layout_small_grid, grunt_forest_large_clearings
Lair:2:   layout_loops_ring, minmay_swamp_entry_worms,
          infiniplex_staircase_pool_2

Skill      XL: |  1  2  3  4  5  6  7  8  9 10 11 |
---------------+----------------------------------+-----
Fighting       | 2 3 4 5 6 7 8 10 | 10.5
Short Blades   | 1 2 |  2.0
Slings         | 1 3 4 5 6 |  6.0
Armour         | 2 4 6 |  6.6
Shields        | 2 4 |  4.0
Evocations     | 4 5 6 7 |  7.5
Unarmed Combat | 1 |  1.6
Long Blades    | 4 7 |  7.8
Dodging        | |  1.7
Stealth        | |  0.8

Action                   |  1- 3 |  4- 6 |  7- 9 | 10-12 || total
-------------------------+-------+-------+-------+-------++-------
Melee: Short sword       |   104 |       |       |       ||   104
       Dagger            |    44 |   187 |   300 |       ||   531
       Kick              |     8 |    40 |   129 |   122 ||   299
       Whip              |       |       |    35 |       ||    35
       Falchion          |       |       |    80 |   120 ||   200
       Scimitar          |       |       |       |   236 ||   236
       Unarmed           |       |       |       |     7 ||     7
 Fire: Hunting sling     |    45 |    16 |   105 |    17 ||   183
Throw: Javelin           |       |    11 |    15 |    27 ||    53
       Stone             |       |     2 |     1 |       ||     3
       Boomerang         |       |       |       |     5 ||     5
       Throwing net      |       |       |       |     2 ||     2
Evoke: Wand              |     1 |     9 |    27 |    31 ||    68
       Fan of gales      |       |       |       |     1 ||     1
  Use: Scroll            |     1 |     9 |       |    10 ||    20
       Potion            |       |       |     1 |     1 ||     2
 Stab: Paralysed         |       |     3 |     4 |       ||     7
       Distracted        |       |       |     1 |     4 ||     5
  Eat: Chunk             |     5 |       |       |       ||     5
       Ration            |       |     3 |     5 |     7 ||    15
Armor: Leather armour    |    31 |       |       |       ||    31
       Chain mail        |    27 |    95 |   176 |    44 ||   342
       Plate armour      |       |       |       |   170 ||   170
Dodge: Dodged            |    81 |    34 |   116 |   101 ||   332
Block: Buckler           |       |    18 |    78 |    80 ||   176
       Rpst.: Falchion   |       |       |     7 |    10 ||    17
       Scimitar          |       |       |       |    17 ||    17

Table legend:
 A = Non-vault XP
 B = Vault XP
 C = Vault XP percentage of total XP
 D = Non-vault monster count
 E = Vault monster count
 F = Vault count percentage of total count
                 A         B        C        D         E       F
            +---------+---------+-------+---------+---------+-------
      Total |   13876 |    4565 |  24.8 |     264 |      70 |  21.0
            +---------+---------+-------+---------+---------+-------
        D:1 |      50 |       0 |   0.0 |      34 |       0 |   0.0
        D:2 |      52 |       0 |   0.0 |      26 |       0 |   0.0
        D:3 |      85 |       6 |   6.6 |      20 |       4 |  16.7
        D:4 |     398 |       0 |   0.0 |      15 |       0 |   0.0
        D:5 |     606 |       0 |   0.0 |      17 |       0 |   0.0
        D:6 |    1106 |       0 |   0.0 |      25 |       0 |   0.0
        D:7 |    1371 |     912 |  39.9 |      30 |       1 |   3.2
        D:8 |     659 |     590 |  47.2 |      16 |       6 |  27.3
        D:9 |    3050 |     773 |  20.2 |      34 |      36 |  51.4
       D:10 |    2783 |     276 |   9.0 |      29 |       2 |   6.5
     Lair:1 |    3477 |    2008 |  36.6 |      17 |      21 |  55.3
     Lair:2 |     239 |       0 |   0.0 |       1 |       0 |   0.0
            +---------+---------+-------+---------+---------+-------
